 Dungeon Crawl Stone Soup version 0.22.1-1-ga44c0e5 (webtiles) character file.

13131 Xifihas the Thaumaturge (level 11, -1/81 HPs)
             Began as a Yellow Draconian Wizard on Sept 28, 2018.
             Was an Elder of Hepliaklqana.
             Slain by a four-headed hydra (5 damage)
             ... on level 3 of the Lair of Beasts.
             The game lasted 02:16:40 (10977 turns).

Xifihas the Thaumaturge (Yellow Draconian Wizard)  Turns: 10977, Time: 02:16:40

Health: -1/81      AC: 11    Str: 10    XL:     11   Next: 71%
Magic:  17/24      EV: 14    Int: 20    God:    Hepliaklqana [****..]
Gold:   556        SH:  3    Dex: 11    Spells: 2/28 levels left

rFire    . . .     SeeInvis .   a - +2 whip (flame)
rCold    . . .     Gourm    .   (no shield)
rNeg     . . .     Faith    .   (armour unavailable)
rPois    +         Spirit   .   j - +2 hat
rElec    .         Reflect  +   (no cloak)
rCorr    +         Harm     .   w - +1 pair of gloves
MR       .....                  (no boots)
Stlth    ++........             O - +3 amulet of reflection
HPRegen  0.23/turn              u - ring of poison resistance
MPRegen  0.19/turn              J - ring of flight

@: no status effects
A: spit acid, acid resistance, unfitting armour, reduced essence, hooves 1,
cold-blooded, MP-powered wands, AC +7
a: Breathe Acid, Recall Ancestor, Ancestor Identity, Transference, Idealise,
Renounce Religion, Evoke Flight


You were on level 3 of the Lair of Beasts.
You worshipped Hepliaklqana.
Hepliaklqana was greatly pleased with you.
You were not hungry.

You visited 2 branches of the dungeon, and saw 12 of its levels.

You collected 556 gold pieces.

Inventory:

Hand Weapons
 a - a +2 whip of flaming (weapon)
 b - a +0 shortbow
 n - a +0 dire flail of draining
 r - a +1 flail of venom
 A - the +4 long sword "Jeunur" {venom, rC+ MR+ Dex-4 SInv}
   (You found it on level 5 of the Dungeon)

   It poisons the flesh of those it strikes.
   It affects your dexterity (-4).
   It protects you from cold.
   It affects your resistance to hostile enchantments.
   It lets you see invisible.
 I - a +0 fustibalus
Missiles
 g - 107 bolts
 h - 254 stones
 l - 18 poisoned needles
 q - 65 sling bullets
 s - 77 arrows
 x - 5 tomahawks (quivered)
Armour
 j - a +2 hat (worn)
 w - a +1 pair of gloves (worn)
Magical Staves
 v - an uncursed staff of poison
Jewellery
 o - an uncursed ring of fire
 u - a ring of poison resistance (left hand)
 J - a ring of flight (right hand)
 O - a +3 amulet of reflection (around neck)
Wands
 f - a wand of enslavement (14)
 i - a wand of paralysis (12)
 y - a wand of flame (43)
 N - a wand of random effects (19)
Scrolls
 p - 3 scrolls of magic mapping
 t - 7 scrolls of remove curse
 C - 2 scrolls of amnesia
 F - 3 scrolls of fog
 H - 3 scrolls of teleportation
 K - a scroll of blinking
 M - a scroll of identify
Potions
 d - 3 potions of curing
 e - 2 potions of might
 k - 6 potions of brilliance
 m - 2 potions of flight
 z - a potion of resistance
 D - 2 potions of cancellation
 E - 2 potions of agility
 G - a potion of invisibility
Comestibles
 c - 13 rations


   Skills:
 + Level 6.6 Fighting
   Level 0.5 Short Blades
 + Level 6.1 Maces & Flails
 + Level 2.8 Bows
 + Level 1.4 Throwing
 + Level 5.4 Dodging
 + Level 4.4 Stealth
 + Level 0.4 Unarmed Combat
 + Level 9.1 Spellcasting
 + Level 4.8 Conjurations
 + Level 3.7 Hexes
 + Level 5.3 Summonings
 + Level 2.5 Translocations
 + Level 2.0 Transmutations
 + Level 2.0 Fire Magic
 + Level 3.8 Air Magic
 + Level 2.8 Earth Magic
 + Level 2.1 Poison Magic
 + Level 2.2 Invocations
 + Level 2.1 Evocations


You had 2 spell levels left.
You knew the following spells:

 Your Spells              Type           Power        Failure   Level  Hunger
a - Magic Dart            Conj           ####         1%          1    None
b - Blink                 Tloc           N/A          4%          2    None
c - Call Imp              Summ           ####....     1%          2    None
d - Slow                  Hex            ###.....     2%          2    None
e - Conjure Flame         Conj/Fire      ###.....     5%          3    None
f - Mephitic Cloud        Conj/Pois/Air  ###.....     4%          3    None
g - Confuse               Hex            ###.....     4%          3    None
h - Gell's Gravitas       Tloc           ###.......   9%          3    None
i - Petrify               Tmut/Erth      ###.....     28%         4    ###....
j - Stone Arrow           Conj/Erth      ###...       4%          3    None

Your spell library contained the following spells:

 Spells                   Type           Power        Failure   Level  Hunger
 Confusing Touch          Hex            ###...       1%          1    None
 Corpse Rot               Necr           N/A          12%         2    None
 Summon Lightning Spire   Summ/Air       ####....     12%         4    ###....
 Leda's Liquefaction      Hex/Erth       ###.......   21%         4    ###....
 Summon Forest            Summ/Tloc      ###.......   38%         5    #####..
 Silence                  Hex/Air        ###.......   41%         5    #####..
 Yara's Violent Unravell  Hex/Tmut       ###.......   54%         5    #####..
 Metabolic Englaciation   Hex/Ice        ###.......   69%         5    #####..
 Conjure Ball Lightning   Conj/Air       ####......   89%         6    ######.
 Deflect Missiles         Chrm/Air       ###.......   99%         6    ######.
 Hydra Form               Tmut           ###.......   99%         6    ######.
 Summon Hydra             Summ           ####......   100%        7    #######
 Tornado                  Air            ###.......   100%        9    #######


Dungeon Overview and Level Annotations

Branches:
Dungeon (9/15)             Temple (0/1) D:4            Lair (3/6) D:9
  Swamp: Lair:2-4    Shoals: Lair:2-4     Snake: Lair:2-4    Spider: Lair:2-4
    Orc: D:9-12

Altars:
Cheibriados
Dithmenos
Elyvilon
Gozag
Hepliaklqana
Makhleb
Okawaru
Ru
Vehumet
Xom
Yredelemnul
The Shining One

Shops:
D:7 (


Innate Abilities, Weirdness & Mutations

You can spit globs of acid.
You are resistant to acid.
Your golden yellow scales are hard. (AC +7)
You cannot fit into any form of body armour.
You are cold-blooded and may be slowed by cold attacks.
Your life essence is reduced to manifest your ancestor. (-10% HP)
You have large cloven feet.
You expend magic power (3 MP) to strengthen your wands.


Message History

Confirm with . or Enter, or press ? or * to list all spells.
You blink.
You hear an angry hiss.
The four-headed hydra misses you. The four-headed hydra bites you!
* * * LOW HITPOINT WARNING * * *
The four-headed hydra bites you!
* * * LOW HITPOINT WARNING * * *
The four-headed hydra bites you but does no damage.
As you read the scroll labeled ESIETOSARE, it crumbles to dust.
This is a scroll of acquirement! [a] Weapon [b] Armour [c] Jewellery [d] Book [e] Staff [f] Evocable [g] Food [h] Gold (you have $556)
What kind of item would you like to acquire? [\] known items Something appears at your feet!
You see here the Collected Works on Weightlessness.
The four-headed hydra closely misses you.
The four-headed hydra bites you!
* * * LOW HITPOINT WARNING * * *
The four-headed hydra bites you.
You die...

#..#..# H$ .#
##.##..######..##.#
##..##....^...##≈.#
#.#..##......##...#
###.#...##.#####...#
####.#.##..≈..≈≈..≈..#
##.#.....#.≈..≈SH≈..≈.#
.#.......##...≈..D.$.##
..........##.≈..@D≈§##
..#.#.##...##########
..........#..#.#
#.###....##.#..#
P........#......
..####.#......#.. ..#
###.#...... ..
..#####..#..#..##..
...##.#...#........


You could see 2 four-headed hydras, a hippogriff and a water moccasin.

Vanquished Creatures
  2 hydras (Lair:1)
  A two-headed ogre (D:8)
  Pikel (D:4)
  A black mamba (Lair:2)
  3 spiny frogs
  A polar bear (D:9)
  Prince Ribbit (Lair:2)
  A blink frog (Lair:2)
  4 yaks
  A wyvern (Lair:2)
  A hungry ghost (D:9)
  5 water moccasins
  A slave (D:4)
  4 porcupines
  2 sky beasts (D:7)
  2 ice beasts
  2 black bears (D:9)
  A phantom (D:8)
  2 ogres (D:9)
  2 crocodiles
  6 bullfrogs
  2 scorpions
  A hornet simulacrum (D:9)
  2 water moccasin skeletons
  A killer bee (D:7)
  2 wights
  2 electric eels (Lair:2)
  2 hounds
  Natasha (D:4)
  Terence (D:3)
  2 iguanas
  2 orc wizards
  A bullfrog simulacrum (D:9)
  A centaur simulacrum (D:9)
  A hound skeleton (D:8)
  A worker ant zombie (D:6)
  3 hexers
  2 adders
  2 white imps (D:9)
  An ufetubus (D:9)
  An adder zombie (D:5)
  2 worms
  A dart slug (D:2)
  2 leopard geckos
  15 orcs
  A ball python (D:5)
  5 bats
  A giant cockroach (D:1)
  2 goblins
  2 hobgoblins (D:2)
  5 jackals
  2 kobolds (D:1)
  A quokka (D:4)
  3 frilled lizards
  A jackal zombie (D:6)
  4 rats
  A fungus (Lair:2)
123 creatures vanquished.

Vanquished Creatures (collateral kills)
  A two-headed ogre (D:9)
  Nergalle (Lair:2)
  A black mamba (Lair:1)
  3 spiny frogs
  A komodo dragon (Lair:3)
  A polar bear (D:9)
  A blink frog (Lair:2)
  4 yaks
  2 basilisks (D:9)
  A porcupine (D:9)
  2 orc warriors
  2 black bears (D:9)
  2 ogres
  A phantom (D:6)
  2 crocodiles
  3 centaurs
  A bullfrog (Lair:2)
  A water moccasin zombie (D:9)
  3 scorpions
  A wight (D:7)
  An electric eel (D:9)
  A howler monkey (D:5)
  A centaur zombie (D:5)
  A hound (D:4)
  3 jellies
  2 orc priests (D:4)
  A centaur skeleton (D:6)
  3 iguanas
  4 orc wizards
  Natasha (D:4)
  A hound skeleton (D:4)
  2 adders
  A shadow imp (D:6)
  2 white imps (D:9)
  An ufetubus (D:9)
  An ooze (D:2)
  A dart slug (D:4)
  A leopard gecko (D:2)
  9 orcs
  A giant cockroach (D:4)
  A hobgoblin (D:2)
  4 jackals
  A kobold (D:2)
  3 quokkas
  A ball python (D:3)
  3 frilled lizards
  A goblin (D:3)
  A rat (D:2)
87 creatures vanquished.

Vanquished Creatures (others)
  6 hexers
  A white imp (D:9)
  4 ancestors
  2 fungi
  3 plants
16 creatures vanquished.

Grand Total: 226 creatures vanquished

Notes
Turn   | Place    | Note
-------+----------+-------------------------------------------
     0 | D:1      | Xifihas the Draconian Wizard began the quest for the Orb.
     0 | D:1      | Reached XP level 1. HP: 14/14 MP: 4/4
   746 | D:2      | Found a white marble altar of Elyvilon.
   755 | D:2      | Reached XP level 2. HP: 20/20 MP: 4/6
   770 | D:2      | Learned a level 2 spell: Blink
   773 | D:2      | Learned a level 2 spell: Call Imp
  1158 | D:2      | Reached XP level 3. HP: 27/27 MP: 4/8
  1220 | D:2      | Reached skill level 1 in Fighting
  1242 | D:2      | Found an iron altar of Okawaru.
  1456 | D:2      | Found a hazy altar of Hepliaklqana.
  1460 | D:2      | Became a worshipper of Hepliaklqana the Forgotten
  1631 | D:3      | Found a shimmering altar of Xom.
  1684 | D:3      | Noticed Terence
  1714 | D:3      | Killed Terence
  1714 | D:3      | Reached XP level 4. HP: 15/31 MP: 2/9
  2592 | D:4      | Noticed a slave
  2592 | D:4      | Noticed a slave
  2593 | D:4      | Noticed a slave
  2637 | D:4      | Noticed a slave
  2698 | D:4      | Noticed an ogre
  2707 | D:4      | Killed an ogre
  2707 | D:4      | Reached XP level 5. HP: 25/37 MP: 0/10
  2727 | D:4      | Reached skill level 4 in Spellcasting
  2749 | D:4      | Noticed Pikel
  2751 | D:4      | Killed a slave
  2799 | D:4      | Killed Pikel
  2799 | D:4      | Reached skill level 1 in Maces & Flails
  2799 | D:4      | Reached XP level 6. HP: 27/45 MP: 3/13
  2799 | D:4      | Your scales start taking on a golden yellow colour.
  2799 | D:4      | Reached XP level 7. HP: 30/50 MP: 3/14
  2864 | D:4      | Reached * piety under Hepliaklqana
  2984 | D:4      | Learned a level 2 spell: Slow
  2988 | D:4      | Learned a level 3 spell: Conjure Flame
  2992 | D:4      | Learned a level 3 spell: Mephitic Cloud
  3222 | D:4      | Reached skill level 5 in Spellcasting
  3398 | D:4      | Found a staircase to the Ecumenical Temple.
  3456 | D:4      | Noticed Natasha
  3539 | D:4      | Killed Natasha
  3589 | D:4      | Noticed Natasha
  3801 | D:4      | Found an opulent altar of Gozag.
  3824 | D:4      | Killed Natasha
  3842 | D:5      | Entered Level 5 of the Dungeon
  3880 | D:5      | Found a shadowy altar of Dithmenos.
  4022 | D:5      | Reached skill level 1 in Throwing
  4031 | D:5      | Reached skill level 1 in Air Magic
  4149 | D:5      | Got a brightly glowing long sword
  4151 | D:5      | Identified the +4 long sword "Jeunur" {venom, rC+ MR+ Dex-4
                  | SInv} (You found it on level 5 of the Dungeon)
  4312 | D:5      | Reached ** piety under Hepliaklqana
  4313 | D:5      | Remembered your ancestor Londisizwe as a hexer
  4407 | D:5      | Reached XP level 8. HP: 56/56 MP: 8/16
  4694 | D:5      | Found a basalt altar of Yredelemnul.
  4696 | D:5      | Found a burning altar of Makhleb.
  4883 | D:6      | Found a snail-covered altar of Cheibriados.
  5171 | D:6      | Reached skill level 6 in Spellcasting
  5643 | D:7      | Found Cyununk's Antique Weapon Shoppe.
  6004 | D:7      | Reached skill level 1 in Bows
  6174 | D:7      | Reached XP level 9. HP: 58/63 MP: 7/18
  6189 | D:7      | Gained mutation: You have large cloven feet. [potion of
                  | mutation]
  6189 | D:7      | Gained mutation: You expend magic power (3 MP) to
                  | strengthen your wands. [potion of mutation]
  6469 | D:7      | Reached skill level 1 in Fire Magic
  6573 | D:8      | Reached *** piety under Hepliaklqana
  6578 | D:8      | Reached skill level 1 in Poison Magic
  6666 | D:8      | Learned a level 1 spell: Confusing Touch
  6670 | D:8      | Learned a level 3 spell: Gell's Gravitas
  6770 | D:8      | Learned a level 3 spell: Confuse
  6934 | D:8      | Found a glowing golden altar of the Shining One.
  7148 | D:8      | Noticed a two-headed ogre
  7158 | D:8      | Killed a two-headed ogre
  7158 | D:8      | Reached skill level 7 in Spellcasting
  7158 | D:8      | Reached skill level 1 in Hexes
  7158 | D:8      | Reached skill level 1 in Evocations
  7218 | D:8      | Found a radiant altar of Vehumet.
  7364 | D:9      | Noticed a polar bear
  7387 | D:9      | Killed a polar bear
  7387 | D:9      | Reached skill level 5 in Fighting
  7419 | D:9      | Reached XP level 10. HP: 23/72 MP: 1/20
  7506 | D:9      | Found a staircase to the Lair.
  7693 | D:9      | Noticed a two-headed ogre
  7708 | D:9      | Killed a two-headed ogre
  7952 | D:9      | Found a sacrificial altar of Ru.
  8375 | D:9      | Reached skill level 5 in Maces & Flails
  8393 | D:9      | Reached skill level 8 in Spellcasting
  8426 | D:9      | Learned a level 4 spell: Petrify
  8469 | D:9      | Reached skill level 5 in Dodging
  8503 | D:9      | Reached skill level 1 in Transmutations
  8503 | D:9      | Reached skill level 1 in Earth Magic
  8711 | Lair:1   | Entered Level 1 of the Lair of Beasts
  8724 | Lair:1   | Noticed a spiny frog
  8737 | Lair:1   | Killed a spiny frog
  8847 | Lair:1   | Noticed a spiny frog
  8860 | Lair:1   | Killed a spiny frog
  8860 | Lair:1   | Reached XP level 11. HP: 59/80 MP: 21/23
  8877 | Lair:1   | Noticed a seven-headed hydra
  8896 | Lair:1   | Killed a seven-headed hydra
  8947 | Lair:1   | HP: 2/80 [spiny frog (21)]
  9196 | Lair:1   | Reached skill level 5 in Summonings
  9216 | Lair:1   | Noticed a six-headed hydra
  9552 | Lair:1   | Killed a six-headed hydra
  9711 | Lair:2   | Learned a level 3 spell: Stone Arrow
  9737 | Lair:2   | Reached **** piety under Hepliaklqana
  9783 | Lair:2   | Noticed Prince Ribbit
  9806 | Lair:2   | Killed Prince Ribbit
  9993 | Lair:2   | Noticed Nergalle
 10372 | Lair:2   | Killed Nergalle
 10372 | Lair:2   | Reached skill level 9 in Spellcasting
 10962 | Lair:3   | Noticed a four-headed hydra
 10964 | Lair:3   | Noticed a four-headed hydra
 10977 | Lair:3   | Identified a scroll of acquirement
 10977 | Lair:3   | Identified the Collected Works on Weightlessness (You
                  | acquired it on level 3 of the Lair of Beasts)
 10977 | Lair:3   | HP: 4/81 [four-headed hydra (7)]
 10977 | Lair:3   | Slain by a four-headed hydra

Skill      XL: |  1  2  3  4  5  6  7  8  9 10 11 |
---------------+----------------------------------+-----
Stealth        | 2 3 4 |  4.4
Fighting       | 1 2 3 4 5 6 |  6.6
Dodging        | 2 3 4 5 |  5.4
Summonings     | 2 3 4 5 |  5.3
Spellcasting   | 4 5 6 7 8 9 |  9.1
Maces & Flails | 1 2 4 5 6 |  6.1
Conjurations   | 2 3 4 |  4.8
Throwing       | 1 |  1.4
Air Magic      | 1 2 3 |  3.8
Bows           | 1 2 |  2.8
Fire Magic     | 1 2 |  2.0
Poison Magic   | 1 2 |  2.1
Hexes          | 1 2 3 |  3.7
Invocations    | 2 |  2.2
Evocations     | 1 2 |  2.1
Translocations | 2 |  2.5
Transmutations | 1 2 |  2.0
Earth Magic    | 2 |  2.8
Short Blades   | |  0.5
Unarmed Combat | |  0.4

Action                   |  1- 3 |  4- 6 |  7- 9 | 10-12 || total
-------------------------+-------+-------+-------+-------++-------
Melee: Short sword       |    41 |       |       |       ||    41
       Unarmed           |     5 |       |       |       ||     5
       Tailslap          |     4 |     1 |    21 |    32 ||    58
       Mace              |    24 |       |       |       ||    24
       Flail             |       |    32 |       |       ||    32
       Whip              |       |       |   236 |   261 ||   497
       Punch             |       |       |     1 |       ||     1
       Kick              |       |       |    16 |    50 ||    66
 Fire: Shortbow          |       |       |    68 |    22 ||    90
Throw: Stone             |       |     6 |    19 |       ||    25
       Tomahawk          |       |       |     4 |     3 ||     7
 Cast: Magic Dart        |    51 |     9 |    48 |    41 ||   149
       Call Imp          |    16 |    12 |    17 |    14 ||    59
       Mephitic Cloud    |       |       |    20 |    24 ||    44
       Conjure Flame     |       |       |    27 |     2 ||    29
       Slow              |       |       |     5 |    20 ||    25
       Blink             |       |       |     5 |    13 ||    18
       Confusing Touch   |       |       |     1 |       ||     1
       Gell's Gravitas   |       |       |     1 |       ||     1
       Confuse           |       |       |       |     7 ||     7
       Stone Arrow       |       |       |       |    26 ||    26
Invok: Ancestor Life: He |       |       |     1 |       ||     1
       Ancestor Identity |       |       |     1 |       ||     1
       Recall Ancestor   |       |       |     1 |       ||     1
       Transference      |       |       |       |     1 ||     1
       Idealise          |       |       |       |     1 ||     1
 Abil: Breathe Acid      |       |       |     1 |     1 ||     2
Evoke: Wand              |       |       |     4 |    10 ||    14
  Use: Scroll            |     7 |     3 |    10 |     6 ||    26
       Potion            |       |     8 |     5 |     5 ||    18
 Stab: Confused          |       |       |     7 |     5 ||    12
       Sleeping          |       |       |     3 |     1 ||     4
       Distracted        |       |       |     2 |     6 ||     8
  Eat: Chunk             |     3 |     1 |    12 |     7 ||    23
       Ration            |       |     1 |     1 |     2 ||     4
Armor: Skin              |    25 |    40 |    71 |    82 ||   218
Dodge: Dodged            |    68 |    27 |   151 |   159 ||   405
Block: Other             |       |       |       |     6 ||     6
